 Dungeon Crawl Stone Soup version 0.29.1-2-gbd0b4ee654 (webtiles) character file.

Game seed: 14543570357909934032

48 Raikaria the Trooper (level 4, -3/37 HPs)
             Began as a Djinni Fighter on Nov 10, 2022.
             Slain by Sigmund
             ... wielding a +0 scythe
              (6 damage)
             ... on level 3 of the Dungeon.
             The game lasted 00:02:54 (1794 turns).

Raikaria the Trooper (Djinni Fighter)               Turns: 1794, Time: 00:02:55

Health: -3/37      AC:  6    Str: 15    XL:     4   Next: 0%
Gold:   81         EV:  8    Int: 11    God:
                   SH:  4    Dex: 13

rFire   + + .      SeeInvis .   a - +0 long sword
rCold   x . .      Faith    .   c - +0 buckler
rNeg    . . .      Spirit   .   b - +0 scale mail
rPois   ∞          Reflect  .   (no helmet)
rElec   .          Harm     .   (no cloak)
rCorr   .          Rampage  .   (no gloves)
Will    .....                   (boots unavailable)
Stlth   ..........              (no amulet)
HPRegen 0.12/turn               (no ring)
MPRegen 0.00/turn               (no ring)

@: brilliant, flying
A: sickness immunity, fire resistance 2, cold vulnerability 1, float, innate
caster, HP casting, extra vitality 1
a: no special abilities


You were on level 3 of the Dungeon.
You visited 1 branch of the dungeon, and saw 3 of its levels.

You collected 81 gold pieces.

Inventory:

Hand Weapons
 a - a +0 long sword (weapon)
 j - a +0 dagger
Armour
 b - a +0 scale mail (worn)
 c - a +0 buckler (worn)
Scrolls
 e - 2 scrolls of poison {unknown}
 f - 3 scrolls of immolation {unknown}
 g - 2 scrolls of identify {unknown}
 h - 2 scrolls of teleportation {unknown}
 n - 3 scrolls of enchant armour {unknown}
Potions
 d - a potion of might
 i - a potion of berserk rage {unknown}
 k - a potion of lignification {unknown}
 m - a potion of curing {unknown}
 o - a potion of heal wounds {unknown}
 p - a potion of ambrosia {unknown}
 q - a potion of invisibility {unknown}


   Skills:
 + Level 3.8 Fighting
 + Level 2.8 Long Blades
 - Level 3.0 Armour
 - Level 3.0 Shields


You had 2 spell levels left.
You knew the following spells:

 Your Spells              Type           Power      Damage    Failure   Level
a - Foxfire               Conj/Fire      0%         2x1d4     87%         1
Your spell library was empty.

Dungeon Overview and Level Annotations

Branches:
Dungeon (3/15)

Altars:

Annotations:
D:3 Sigmund


Innate Abilities, Weirdness & Mutations

You are immune to sickness and miasma.
You are immune to poison.
Your flesh is very heat resistant. (rF++)
You are vulnerable to cold. (rC-)
You float through the air rather than walking.
You learn spells naturally, not from books.
Your magical power is your life essence.
You have superior vitality. (+4 MHP)


Message History

You hit Sigmund.
Sigmund is lightly wounded.
Sigmund hits you with a +0 scythe! Sigmund hits you but does no damage.
You bump into the rock wall.
You're too confused to move!
You feel less confused. Sigmund hits you with a +0 scythe!
You slash Sigmund!
Sigmund is moderately wounded.
Sigmund closely misses you.
You hit Sigmund.
Sigmund is heavily wounded.
Sigmund hits you with a +0 scythe.
You closely miss Sigmund.
Sigmund is heavily wounded.
You hit Sigmund.
Sigmund is almost dead.
You block Sigmund's attack.
You hit Sigmund.
Sigmund is almost dead.
Sigmund hits you with a +0 scythe!
* * * LOW HITPOINT WARNING * * *
You barely miss Sigmund.
Sigmund is almost dead.
Sigmund closely misses you.
You closely miss Sigmund.
Sigmund is almost dead.
Sigmund hits you with a +0 scythe.
* * * LOW HITPOINT WARNING * * *
You closely miss Sigmund.
Sigmund is almost dead.
Sigmund casts a spell at you. The puff of flame hits you. You resist.
* * * LOW HITPOINT WARNING * * *
It was a potion of brilliance.
You feel clever all of a sudden.
Sigmund laughs darkly.
Sigmund hits you with a +0 scythe.
You die...

#.#.#. ### #.#.#. #..
#.#.#. ######.# #.#+#.
#....#.# #.....
#.##.#.######....#
#.#.........#...†#
#.#+##.####.####.#...).
#....@@#....# #......#
#......#.#### #.......
#.....##.#######....###
#..... #.......+.....#
###.## #########.....#
#. #.....# #. #####.#
#.# #>#


You could see Sigmund.

Vanquished Creatures
  An adder (D:2)
  A worm (D:3)
  A dart slug (D:3)
  An orc (D:3)
  3 bats (D:1)
  6 endoplasms
  3 giant cockroaches
  A goblin (D:2)
  A hobgoblin (D:1)
  2 quokkas
  3 ball pythons (D:1)
  A frilled lizard (D:2)
  4 kobolds
  4 rats
32 creatures vanquished.

Vanquished Creatures (others)
  2 foxfires (D:3)
2 creatures vanquished.

Grand Total: 34 creatures vanquished

Notes
Turn   | Place    | Note
-------+----------+-------------------------------------------
     0 | D:1      | Raikaria the Djinni Fighter began the quest for the Orb.
     0 | D:1      | Reached XP level 1. HP: 20/20 MP: 0/0
   113 | D:1      | Reached XP level 2. HP: 25/25 MP: 0/0
   769 | D:1      | Reached XP level 3. HP: 14/30 MP: 0/0
   769 | D:1      | Learned a level 1 spell: Foxfire
   990 | D:2      | Found a faded altar of an unknown god.
  1733 | D:3      | Reached XP level 4. HP: 35/37 MP: 0/0
  1775 | D:3      | Noticed Sigmund
  1794 | D:3      | Slain by Sigmund

Illustrated notes

Levels and vault maps discovered:
D:1:      dpeg_arrival_shelter, layout_loops_ring
D:2:      layout_rooms, dreamdust_ecumenical_altar_statues
D:3:      layout_basic, uniq_crazy_yiuf_cottage, uniq_sigmund, uniq_robin

Skill      XL: |  1 |
---------------+----+-----
Long Blades    | 2 |  2.8
Fighting       | |  3.8
Armour         | |  3.0
Shields        | |  3.0

Action                   |  1- 3 |  4- 6 || total
-------------------------+-------+-------++-------
Melee: Long sword        |    90 |    11 ||   101
 Cast: Foxfire           |     1 |       ||     1
  Use: Potion            |       |     1 ||     1
Armor: Scale mail        |    25 |     2 ||    27
Dodge: Dodged            |    43 |     3 ||    46
Block: Buckler           |    18 |     2 ||    20
